[Event "15. ročník Dobrovický rapid Tereos TTD a.s."]
[Site "Dobrovice, Czech Republic"]
[Date "2020.02.29"]
[Round "1.1"]
[White "Plat Vojtech"]
[Black "Sulc Jakub"]
[Result "1-0"]
[TimeControl "15m + 3s / tah"]
[WhiteElo "2553"]
[BlackElo "1754"]

1. e4 e6 2. d4 d5 3. Nd2 Nf6
4. e5 Nfd7 5. Bd3 c5 6. c3 Nc6 7. Ne2 cxd4 8. cxd4 f6 9. exf6 Nxf6 10. O-O Bd6 11. Nf3 O-O 12. Bg5 Bd7 13. Ng3 h6 14.
Bxf6 Qxf6 15. a3 Kh8 16. Bc2 Ne7 17. Qd3 Nf5 18. Nxf5 exf5 19. Rfe1 Rfe8 20. b4 a6 21. Bb3 Bc6 22.
Qc3 Rac8 23. Rxe8+ Rxe8 24. Re1 Rxe1+ 25. Qxe1 a5 26. bxa5 Bxa3 27. Ne5 Qe6 28. Qa1 Bb4 29. a6 bxa6 30. Qxa6 Bd7 31. Qb7 1-0

[Event "15. ročník Dobrovický rapid Tereos TTD a.s."]
[Site "Dobrovice, Czech Republic"]
[Date "2020.02.29"]
[Round "1.2"]
[White "Davidek Bohuslav"]
[Black "Zwardon Vojtech"]
[Result "0-1"]
[TimeControl "15m + 3s / tah"]
[WhiteElo "1752"]
[BlackElo "2460"]

1. e4 c5 2. Nf3 Nc6 3. d4 cxd4 4.
Nxd4 g6 5. Nc3 Bg7 6. Be3 Nf6 7. f3 O-O 8. Bc4 Qb6 9. Bb3 Nxe4 10. Na4 Qa5+ 11. c3 Nf6 12. O-O d6 13. Bc4 0-1

[Event "15. ročník Dobrovický rapid Tereos TTD a.s."]
[Site "Dobrovice, Czech Republic"]
[Date "2020.02.29"]
[Round "1.3"]
[White "Kourousis Epaminondas"]
[Black "Martinec Karel"]
[Result "1-0"]
[TimeControl "15m + 3s / tah"]
[WhiteElo "2406"]
[BlackElo "1749"]

1. e4 e5 2. Nf3 Nc6 3. Bb5 a6 4. Ba4 Nf6 5. Bxc6 dxc6 6. d3 Bd6 7.
Nbd2 b5 8. b3 O-O 9. Bb2 Qe7 10. O-O c5 11. h3 h6 12. Nh2 Be6 13. f4 Bd7 14. Nhf3 Bxh3 15. fxe5 Ng4 16. exd6 Qxd6 17.
Qe1 f5 18. e5 Qg6 19. Nh4 Qg5 20. Ndf3 Qh5 21. gxh3 1-0

[Event "15. ročník Dobrovický rapid Tereos TTD a.s."]
[Site "Dobrovice, Czech Republic"]
[Date "2020.02.29"]
[Round "1.4"]
[White "Redek Daniel"]
[Black "Velicka Petr"]
[Result "0-1"]
[TimeControl "15m + 3s / tah"]
[WhiteElo "1749"]
[BlackElo "2395"]

1. d4 d5 2. c4 c6 3. e3 Nf6 4. Nf3 Bg4 5. Nbd2 Nbd7 6. h3 Bh5 7. cxd5 cxd5 8. Be2 e6 9. O-O Bd6 10. Re1 O-O 11. a3 a5 12.
b3 Qb6 13. Bb2 Rfc8 14. Bd3 Rc7 15. Rc1 Rac8 16. Rxc7 Rxc7 17. Qe2 Bg6 18. Ra1 Rc6 19. a4 Qc7 20. Ne1 Bxd3 21. Qxd3 Bb4 22.
Ndf3 Ne4 23. Ba3 Rc3 24. Qb5 Nd6 25. Qe2 Rxb3 26. Bxb4 Rxb4 27. Nd3 Rc4 28. Qb2 Rc2 29. Qa3 Rc3 30.
Rc1 Rxc1+ 31. Nxc1 f6 32. Nb3 Kf7 33. Nxa5 Qxa5 34. Qxd6 Qxa4 35. Kh2 Qc6 36. Qf4 Ke7 37. g4 Qd6 38.
Kg3 b5 39. Nd2 Nb6 40. Nb3 b4 41. h4 h6 42. Kf3 g5 43. hxg5 hxg5 44. Qxd6+ Kxd6 45. Ke2 Nd7 46. f4 Kc6 47.
Kd3 Kb5 48. Kc2 gxf4 49. exf4 Kc4 50. g5 fxg5 51. fxg5 Nf8 52. Nc5 e5 53. Nd7 Nxd7 54.
g6 Kxd4 0-1

[Event "15. ročník Dobrovický rapid Tereos TTD a.s."]
[Site "Dobrovice, Czech Republic"]
[Date "2020.02.29"]
[Round "1.5"]
[White "Suran Jan"]
[Black "Maly Dusan"]
[Result "1-0"]
[TimeControl "15m + 3s / tah"]
[WhiteElo "2335"]
[BlackElo "1742"]

1. d4 Nf6 2. Nf3 d5 3. Bf4 g6 4. e3 Bg7 5. c4 O-O 6. Nc3 c6 7. Be2 Nbd7 8. O-O Ne4 9. cxd5 Nxc3 10. bxc3 cxd5 11. c4 Nf6 12. Qb3 Be6 13.
c5 Nh5 14. Qxb7 Nxf4 15. exf4 Bg4 16. Rfd1 e6 17. Qb3 Rb8 18. Qe3 Qc7 19. Ne5 Bxe2 20. Qxe2 Rb4 21. Rab1 Rfb8 22. Rxb4 Rxb4 23.
g3 Bxe5 24. fxe5 Qb7 25. h4 Rb2 26.
Rd2 Rb4 27. h5 Qe7 28. Rb2 Rc4 29. h6 f6 30. Rb8+ Kf7 31. Qb2 1-0

[Event "15. ročník Dobrovický rapid Tereos TTD a.s."]
[Site "Dobrovice, Czech Republic"]
[Date "2020.02.29"]
[Round "1.6"]
[White "Jordanov Mihail"]
[Black "Burdalev Kirill"]
[Result "1/2-1/2"]
[TimeControl "15m + 3s / tah"]
[WhiteElo "1740"]
[BlackElo "2334"]

1. e4 Nf6 2. e5 Nd5 3. c4 Nb6 4. d4 d6 5. exd6 cxd6 6. Nc3 g6 7. Be3 Bg7 8. Rc1 O-O 9. Nf3 Bg4 10.
Be2 d5 11. c5 Nc8 12. h3 Bxf3 13. Bxf3 e6 14. O-O Nc6 15. a3 N8e7 16. b4 Nf5 17. Ne2 Qf6 18. b5 Ncxd4 19. Nxd4 Nxd4 20. Bxd4 Qxd4 21. Qxd4 Bxd4 22. c6 bxc6 23. Rxc6 Rfc8 24.
Rfc1 Rxc6 25. Rxc6 Bb6 26. a4 Rd8 27. Kf1 e5 28. Be2 e4 29. f3 f5 30. fxe4 dxe4 31. Bc4+ Kg7 32. Ke2 f4 33.
Re6 Rd4 34. Bb3 f3+ 35. gxf3 exf3+ 36. Kf1 Rh4 37. Re7+ Kh6 38. a5 Bxa5 39. Rxa7 Bb6 40. Rb7 Bd4 41. Bg8 Bg7 42. Be6 Rf4 43. Rf7 Rxf7 44. Bxf7 Kg5 45. Bd5 Kf4 46. b6 Bd4 47.
b7 Ba7 48. Bc6 Kg3 49. Bd5 Kxh3 50. Bxf3 g5 51. Bh5 Kh4 52. Be2 h5 53. Kg2 g4 54. Bd1 Kg5 55. Be2 Kf4 56. Bd1 Bb8 57. Be2 Ke3 58. Bd1 Bc7 59.
Kf1 Kd2 60. Be2 Bb8 61. Bc4 Ke3 62.
Be2 Kd2 63. Bc4 Ke3 64. Be2 Kf4 65.
Kg2 Ke3 66. Kf1 Bd6 67. Bd1 Kd2 68. Be2 Bc7 69. Bc4 h4 70. Be6 g3 71. Kg2 Ke3 72. Bh3 Kf4 73. Bc8 Ke5 1/2-1/2

[Event "15. ročník Dobrovický rapid Tereos TTD a.s."]
[Site "Dobrovice, Czech Republic"]
[Date "2020.02.29"]
[Round "1.7"]
[White "Sorm Daniel"]
[Black "Suran Jan"]
[Result "1-0"]
[TimeControl "15m + 3s / tah"]
[WhiteElo "2310"]
[BlackElo "1738"]

1. d4 Nf6 2. c4 g6 3. Nc3 d5 4. cxd5 Nxd5 5. e4 Nxc3 6. bxc3 Bg7 7. Nf3 c5 8. Bb5+ Bd7 9. Be2 O-O 10. O-O Qc7 11. Bg5 Bg4 12. Qd2 Rd8 13. d5 Nc6 14.
Rac1 Rd7 15. Qe3 Bxf3 16. Bxf3 Ne5 17. Be2 e6 18. f4 f6 19. fxe5 fxg5 20. d6 Qc6 21. Bc4 Re8 22. Qh3 Kh8 23.
Bxe6 Rdd8 24. Bd5 Qd7 25.
e6 Qxd6 26. Rf7 Qe5 27. c4 Qd4+ 28. Kh1 Qd2 29. Rcf1 Qxa2 30. Rxg7 Kg8 1-0

[Event "15. ročník Dobrovický rapid Tereos TTD a.s."]
[Site "Dobrovice, Czech Republic"]
[Date "2020.02.29"]
[Round "1.8"]
[White "Vseticek Oldrich"]
[Black "Postupa Pavel"]
[Result "0-1"]
[TimeControl "15m + 3s / tah"]
[WhiteElo "1729"]
[BlackElo "2164"]

1. d4 Nf6 2. e3 g6 3. Nf3 Bg7 4. Be2 O-O 5. O-O d5 6. b3 c5 7. Bb2 b6 8. Nbd2 Nbd7 9. Rb1 Bb7 10.
h3 Rc8 11. c4 Ne4 12. Nxe4 dxe4 13. Nd2 e6 14. f3 Qg5 15. f4 Qg3 16. dxc5 Qxe3+ 17. Rf2 Bxb2 18. Rxb2 Nxc5 19. Nf1 Qc3 20.
Rc2 Qf6 21. Ne3 Rfd8 22. Rd2 Rxd2 23. Qxd2 Rd8 24. Qc2 Qd4 25. Qc1 f5 26. Nc2 Qc3 27. Rf1 Rd2 28. Rd1 Rxc2 29. Rd8+ Kf7 30. Qd1 Rc1 0-1

[Event "15. ročník Dobrovický rapid Tereos TTD a.s."]
[Site "Dobrovice, Czech Republic"]
[Date "2020.02.29"]
[Round "1.9"]
[White "Hosticka Frantisek"]
[Black "Groh Ladislav"]
[Result "1-0"]
[TimeControl "15m + 3s / tah"]
[WhiteElo "2106"]
[BlackElo "1726"]

1. e4 c5 2. Nf3 Nc6 3. Bb5 a6 4. Bxc6 dxc6 5. h3 e6 6. d3 Be7 7. O-O Qc7 8. e5 Bd7 9.
a4 f6 10. exf6 gxf6 11. a5 h5 12. Nbd2 b5 13. axb6 Qxb6 14. Nc4 Qc7 15. Bd2 Nh6 16. Nh4 Nf5 17. Nxf5 exf5 18. Re1 Kf7 19. Qf3 Be6 20. Rxe6 Kxe6 21.
Re1+ Kf7 22. Qxf5 Rag8 23. Ne5+ Kf8 24. Ng6+ Rxg6 25. Qxg6 Bd8 26. Re8# 1-0

[Event "15. ročník Dobrovický rapid Tereos TTD a.s."]
[Site "Dobrovice, Czech Republic"]
[Date "2020.02.29"]
[Round "1.10"]
[White "Ocelak Jakub"]
[Black "Kaderabek Jiri"]
[Result "0-1"]
[TimeControl "15m + 3s / tah"]
[WhiteElo "1724"]
[BlackElo "2105"]

1. Nf3 Nf6 2. c4 b6 3. b3 Bb7 4. Bb2 g6 5. g3 Bg7 6. Bg2 O-O 7. O-O d6 8. d4 c5 9. d5 b5 10.
Qd3 Nbd7 11. e4 bxc4 12. bxc4 Ba6 13. Nbd2 Qa5 14. Nb3 Qa4 15. Nfd2 Rab8 16. f4 Rb4 17. Rfc1 Rfb8 18. Bc3 Bxc4 19.
Qc2 R4b5 20. Nxc4 Qxc4 21. Bf1 Qxe4 22. Qxe4 Nxe4 23. Bxg7 Kxg7 24. Bxb5 Rxb5 25. Rc4 f5 26. Ra4 Nb6 27.
Rxa7 Kf6 28. Rb7 Nc3 29. Nd2 Rb2 30. Nf3 Ncxd5 31. a4 Nxa4 32. Rxb2 Nxb2 33. Ng5 h6 34. Nf3 Nc4 35. Rc1 Ncb6 36.
Nd2 Na4 37. Kf2 Nac3 38. Nf1 Ne4+ 39. Kg2 e5 40. fxe5+ Kxe5 41. h3 g5 42. Nh2 Ndf6 43. Nf3+ Ke6 44. Rd1 d5 45. Ne1 d4 46. Nd3 Nd5 47.
Kh2 Ndc3 48. Re1 Kd5 49. Nb2 c4 50. Ra1 d3 51. Ra8 d2 52. Rd8+ Nd6 53. Nxc4 0-1

[Event "15. ročník Dobrovický rapid Tereos TTD a.s."]
[Site "Dobrovice, Czech Republic"]
[Date "2020.02.29"]
[Round "1.11"]
[White "Zahorbensky Jaroslav"]
[Black "Moravek Jakub"]
[Result "1-0"]
[TimeControl "15m + 3s / tah"]
[WhiteElo "2105"]
[BlackElo "1717"]

1. e4 e6 2. d4 d5 3. e5 c5 4. c3 Nc6 5. Nf3 cxd4 6. cxd4 Bb4+ 7. Bd2 Bxd2+ 8. Qxd2 Qa5 9. Nc3 Nge7 10.
Bd3 b6 11. O-O Ba6 12. a3 Bxd3 13. Qxd3 b5 14. b4 Qb6 15.
Nxb5 Nf5 16. g4 a6 17. gxf5 Qxb5 18. Qc2 O-O 19. f6 Qc4 20. Qd2 Qb3 21. Qg5 g6 22. Qh6 1-0

[Event "15. ročník Dobrovický rapid Tereos TTD a.s."]
[Site "Dobrovice, Czech Republic"]
[Date "2020.02.29"]
[Round "1.12"]
[White "Hon Jiri"]
[Black "Toman Jan"]
[Result "0-1"]
[TimeControl "15m + 3s / tah"]
[WhiteElo "1714"]
[BlackElo "2088"]

1. Nf3 Nf6 2. b3 g6 3.
Bb2 Bg7 4. e3 O-O 5. Be2 a5 6. a4 d5 7. O-O Nc6 8. c4 Nb4 9. d4 Bf5 10. Na3 c6 11. Ne5 Nd7 12. Nd3 Na6 13. cxd5 cxd5 14. Nb5 Nf6 15. Rc1 Rc8 16.
Ba3 Re8 17. Nc5 Nxc5 18. dxc5 Ne4 19. Nd4 Bd7 20. Qd3 Qc7 21. f3 Nf6 22. Nb5 Qb8 23. Rfd1 h5 24. Nc3 Bc6 25. e4 dxe4 26.
Nxe4 Nxe4 27. fxe4 Qf4 28. Bf3 Be5 29. g3 Qf6 30. Qe2 h4 31. Qg2 Red8 32. Bg4 e6 33. Rf1 Qg5 34. gxh4 Qe3+ 35. Qf2 Bd4 0-1

[Event "15. ročník Dobrovický rapid Tereos TTD a.s."]
[Site "Dobrovice, Czech Republic"]
[Date "2020.02.29"]
[Round "1.13"]
[White "Szeko Ludovit"]
[Black "Mar Tomas"]
[Result "1-0"]
[TimeControl "15m + 3s / tah"]
[WhiteElo "2051"]
[BlackElo "1711"]

1. d4 Nf6 2. Bf4 g6 3. c3 Bg7 4. e3 O-O 5. Nd2 d6 6. Ngf3 Nbd7 7. h3 c5 8. Be2 a6 9. O-O b5 10.
Bh2 Bb7 11. a4 c4 12. b3 cxb3 13. Qxb3 Bd5 14. Qa3 bxa4 15. Qxa4 a5 16. c4 Nb6 17. Qb5 Bxf3 18. Bxf3 Rb8 19.
Qxa5 Qc8 20. c5 dxc5 21. Bxb8 Qxb8 22. Rfb1 Nfd7 23. Rb5 cxd4 24. Rab1 dxe3 25. fxe3 Qc7 26. Rxb6 Nxb6 27. Qxb6 Qc3 28.
Nf1 Rc8 29. Rd1 Bf6 30. Rd8+ Rxd8 31. Qxd8+ Kg7 32. Qd5 e6 33. Qd2 Qa1 34. Bg4 Bc3 35. Qd3 1-0

[Event "15. ročník Dobrovický rapid Tereos TTD a.s."]
[Site "Dobrovice, Czech Republic"]
[Date "2020.02.29"]
[Round "1.14"]
[White "Seiner Frantisek"]
[Black "Jerman Richard"]
[Result "0-1"]
[TimeControl "15m + 3s / tah"]
[WhiteElo "1703"]
[BlackElo "2046"]

1. e4 e5 2. Nf3 Nc6 3. Bc4 Nf6 4. d3 Be7 5. Nc3 d6 6. Be3 Na5 7. Bb3 O-O 8. O-O Bg4 9. h3 Bh5 10. Ba4 c5 11. Bg5 a6 12. Qe2 b5 13. Bb3 Nxb3 14.
axb3 b4 15. Bxf6 Bxf6 16. Nd5 Be7 17. g4 Bg6 18. Nh2 f6 19. f4 Bf7 20. Nxe7+ Qxe7 21. f5 Rfd8 22. Ra5 Be8 23. c4 bxc3 24. bxc3 Qb7 25. Rfa1 Qxb3 26.
Rxa6 Rxa6 27. Rxa6 Qxc3 28. Nf3 Bb5 29. Ra7 Bxd3 30. Qa2+ Bc4 31. Qf2 Rb8 32. g5 Rb1+ 33. Kg2 Rb2 34.
gxf6 Rxf2+ 35. Kxf2 gxf6 0-1

[ePGN "0.1;DGT LiveChess/2.2.5"]

[Event "15. ročník Dobrovický rapid Tereos TTD a.s."]
[Site "Dobrovice, Czech Republic"]
[Date "2020.02.29"]
[Round "2.1"]
[White "Horak Otakar"]
[Black "Plat Vojtech"]
[Result "0-1"]
[TimeControl "15m + 3s / tah"]
[WhiteElo "1938"]
[BlackElo "2553"]

1. d4 d6 2. c4 e5 3. g3 exd4 4.
Qxd4 Nf6 5. Bg2 Nc6 6. Qd1 g6 7.
b3 Bg7 8. Bb2 O-O 9. Nf3 Re8 10. O-O Bf5 11. Nbd2 Qd7 12. Nd4 Nxd4 13. Bxd4 Bh3 14. Re1 Bxg2 15. Kxg2 d5 16. cxd5 Qxd5+ 17. Nf3 Qh5 18. Qc2 c6 19. Rad1 Re6 20. Qb2 a5 21. Bc3 Rae8 22. e3 g5 23.
h3 Qg6 24. Qb1 Ne4 25. Bxg7 Qxg7 26. Rd4 c5 27. Rd7 h5 28. Qd3 Qf6 29. Qc2 g4 30. hxg4 hxg4 31. Nh4 b6 32. Red1 Re5 33.
R1d5 Rxd5 34. Rxd5 Qc6 35. Qd1 Nf6 36. e4 Nxd5 37. Qxg4+ Kf8 38. Nf5 Qg6 39. Qh4 Nf6 0-1

[Event "15. ročník Dobrovický rapid Tereos TTD a.s."]
[Site "Dobrovice, Czech Republic"]
[Date "2020.02.29"]
[Round "2.2"]
[White "Zwardon Vojtech"]
[Black "Stursa Jan"]
[Result "1-0"]
[TimeControl "15m + 3s / tah"]
[WhiteElo "2460"]
[BlackElo "1943"]

1. c4 Nf6 2. Nc3 g6 3. g3 Bg7 4. Bg2 d6 5. d3 e5 6. Bg5 c6 7. Nf3 O-O 8. Qd2 Bf5 9. Bh6 Nbd7 10. h4 Bxh6 11. Qxh6 Qb6 12.
Qd2 h5 13. e4 Bg4 14. Ng5 Nc5 15. O-O Ne6 16. Nxe6 Bxe6 17. b4 Qc7 18. Rab1 Rfd8 19. Qg5 Kg7 20. Rfe1 Rab8 21. Rbc1 Qd7 22.
Qe3 b6 23. a4 c5 24. Rb1 Ng8 25. b5 Nh6 26. a5 Rf8 27. Ra1 f5 28. exf5 Nxf5 29. Qd2 Nd4 30. axb6 axb6 31. Ra6 Bh3 32.
Bd5 Nf3+ 33. Bxf3 Rxf3 34. Ne4 Bf5 35. Rea1 Bxe4 36. dxe4 Qg4 37. Ra7+ Kg8 38. Ra8 Qc8 39. Qxd6 Rxa8 40.
Qd5+ 1-0

[Event "15. ročník Dobrovický rapid Tereos TTD a.s."]
[Site "Dobrovice, Czech Republic"]
[Date "2020.02.29"]
[Round "2.3"]
[White "Lasek Frantisek"]
[Black "Kourousis Epaminondas"]
[Result "0-1"]
[TimeControl "15m + 3s / tah"]
[WhiteElo "1932"]
[BlackElo "2406"]

1. f4 d5 2. Nf3 g6 3. e3 Bg7 4. d4 Nh6 5. Bd3 Bf5 6. O-O O-O 7. h3 c5 8. c3 Bxd3 9. Qxd3 Nf5 10.
Bd2 Qb6 11. b3 Ng3 12. Re1 Qa6 13. Qxa6 Nxa6 14. Na3 Rac8 15. Nb5 Nc7 16. Nxc7 Rxc7 17. Kh2 Ne4 18. Rec1 Rfc8 19. Be1 cxd4 20.
exd4 Nxc3 21. Bxc3 Rxc3 22. Re1 e6 23. Ne5 Rc2 24. a4 Bh6 0-1

[Event "15. ročník Dobrovický rapid Tereos TTD a.s."]
[Site "Dobrovice, Czech Republic"]
[Date "2020.02.29"]
[Round "2.4"]
[White "Velicka Petr"]
[Black "Postupa Pavel"]
[Result "1-0"]
[TimeControl "15m + 3s / tah"]
[WhiteElo "2395"]
[BlackElo "1934"]

1. e4 c5 2. Nf3 d6 3. Bb5+ Bd7 4. Bxd7+ Nxd7 5. c4 g6 6.
d4 cxd4 7. Nxd4 Bg7 8. O-O Ngf6 9. Nc3 O-O 10. b3 Nc5 11. f3 Qb6 12. Be3 e6 13. Rb1 Ncd7 14. Nf5 Qc6 15. Nxg7 Kxg7 16.
Qd2 Kg8 17. Rfd1 Ne5 18. Qxd6 Qxd6 19. Rxd6 Ne8 20. Rd2 f6 21. Rbd1 Kf7 22. Bc5 Rg8 23. f4 b6 24. Rd7+ 1-0

[Event "15. ročník Dobrovický rapid Tereos TTD a.s."]
[Site "Dobrovice, Czech Republic"]
[Date "2020.02.29"]
[Round "2.5"]
[White "Lochman Vaclav"]
[Black "Suran Jan"]
[Result "0-1"]
[TimeControl "15m + 3s / tah"]
[WhiteElo "1931"]
[BlackElo "2335"]

1. e4 c5 2. Nf3 d6 3. d4 cxd4 4. Nxd4 Nf6 5. Nc3 e6 6. g3 Nc6 7. Bg2 Bd7 8. O-O a6 9. h3 Be7 10. Be3 O-O 11. Qe2 Rc8 12. f4 Qc7 13. Nb3 b5 14. a3 Rfd8 15.
Rad1 Be8 16. g4 Na5 17. Nxa5 Qxa5 18. f5 Nd7 19. fxe6 fxe6 20. Qd2 Qc7 21. Rf2 Ne5 22. Qe2 Bc6 23. Bd4 Bb7 24. Bxe5 dxe5 25. Kh2 Bg5 26. Rf3 Bf4+ 27. Kh1 Bc6 28.
Rfd3 Bg5 29. Rxd8+ Rxd8 30. Rxd8+ Qxd8 31. Qd3 Qf8 32. Nd1 Qc5 33. b4 Qf8 34. c4 h6 35. c5 Qe7 36. Nc3 Bc1 37. Ne2 Bg5 38. Ng3 Qd7 39.
Qxd7 Bxd7 40. Ne2 Be3 41. Kh2 a5 42.
bxa5 Bxc5 43. Bf1 Bxa3 44. a6 Bc5 45. Nc1 Bc6 46. Nb3 Bb6 47. Bd3 Kf7 48. Kg2 Ke7 49. Kf3 Kd6 50. Ke2 Kc7 51. Kd2 Kb8 52. Kc3 Ka7 53. Kb4 Kxa6 54. Bc2 Kb7 55. Bd3 Kc7 56. Bc2 Kd6 57. Bd3 Bf2 58.
Ka5 Be1+ 59. Kb6 b4 60. Ka5 g5 61. Bc2 Be8 62. Bd3 h5 63. Be2 h4 64. Bf3 Bc6 65. Bg2 Bb7 66. Bf3 Bc3 67.
Bg2 Bc6 68. Bf3 Kc7 69. Bg2 Be1 70. Bf3 Bf2 71. Kxb4 Kb6 72. Nc1 Be1+ 73. Kc4 Bb5+ 74. Kb3 Kc5 75. Bg2 Kd4 0-1

[Event "15. ročník Dobrovický rapid Tereos TTD a.s."]
[Site "Dobrovice, Czech Republic"]
[Date "2020.02.29"]
[Round "2.6"]
[White "Zemlicka Vit"]
[Black "Sorm Daniel"]
[Result "1/2-1/2"]
[TimeControl "15m + 3s / tah"]
[WhiteElo "1915"]
[BlackElo "2310"]

1. e4 c5 2. Nf3 Nc6 3. d4 cxd4 4. Nxd4 e5 5. Nb5 d6 6. N1c3 a6 7. Na3 b5 8. Nd5 Nce7 9. c4 Nxd5 10. cxd5 Nf6 11. Bd3 Be7 12. O-O O-O 13. Nc2 Bd7 14. Qe2 Qb6 15. Be3 Qb7 16.
b4 Rfc8 17. Rfc1 Bd8 18. Rab1 Be8 19. Na1 Rxc1+ 20. Rxc1 a5 21. a3 a4 22. Rc3 Rc8 23. Qc2 Rxc3 24. Qxc3 Bb6 25. Nc2 Ng4 26.
Bxb6 Qxb6 27. Qd2 Qc7 28. h3 Nf6 29. Ne3 g6 30. Qc2 Qb6 31. Qc3 Bd7 32. Qc2 Nh5 33. Nd1 Nf4 34. Bf1 h5 35.
Qc3 h4 36. Nb2 f5 37. Nd3 Nh5 38. exf5 gxf5 39. Nxe5 dxe5 40. Qxe5 Qf6 41. Qb8+ Qf8 42. Qb6 Qe8 43. Qh6 Qf7 44.
Qg5+ Ng7 45. Qxh4 Qxd5 46. Qd8+ Kf7 47.
Qg5 Ne6 48. Qh5+ Ke7 49. Qh7+ Kd6 50.
h4 Bc6 51. h5 Nf4 52. Qg7 Nxh5 53. Qg6+ Ke5 54. Qxh5 Qd4 55. Qe2+ Kf6 56. Qh5 Ke5 57. Qh8+ Kd5 58. Qxd4+ Kxd4 59. Be2 Kc3 60. g4 fxg4 61. Bxg4 Kb2 62. f4 Kxa3 63. f5 Bd7 64. Kf2 Kxb4 65.
f6 Be8 66. Be6 Kc3 67. Ke3 b4 68. Bd7 Bf7 69. Bxa4 1/2-1/2

[Event "15. ročník Dobrovický rapid Tereos TTD a.s."]
[Site "Dobrovice, Czech Republic"]
[Date "2020.02.29"]
[Round "2.7"]
[White "Postupa Pavel"]
[Black "Janous Petr"]
[Result "0-1"]
[TimeControl "15m + 3s / tah"]
[WhiteElo "2164"]
[BlackElo "1931"]

1. e4 e5 2. Nf3 Nf6 3.
Nxe5 d6 4. Nf3 Nxe4 5. Nc3 Nxc3 6. dxc3 Be7 7. Be3 Nc6 8.
Qd2 Be6 9. Ng5 Bf5 10. Be2 Qd7 11.
O-O-O h6 12. Nf3 O-O-O 13. Rhe1 a6 14. Nd4 Bf6 15. Nxf5 Qxf5 16. g4 Qa5 17. Kb1 Rhe8 18. f4 Nb8 19.
Bf3 Nd7 20. Bd5 Re7 21. Bg1 Rde8 22. Bxf7 Rxe1 23. Rxe1 Rf8 24. Be6 Kd8 25. Bxd7 Kxd7 26. Qe3 Qd5 27. Bf2 g5 28. f5 Be5 29. h4 Rg8 30. hxg5 hxg5 31.
Bg3 Bxg3 32. Qxg3 Re8 33. Qg1 Re5 34. Rf1 Qd2 35. Rd1 Qf4 36. b3 Re4 37. Qh1 Qxg4 38. Qh7+ Kc6 39. Rf1 Qg2 40.
Rd1 Qf3 41. Rd3 Re1+ 42. Kb2 Qf4 43. Ka3 Qc1+ 44. Ka4 Qxc2 45. f6 Qxa2+ 46. Kb4 a5+ 47. Kc4 b5+ 48. Kd4 Qf2+ 0-1

[Event "15. ročník Dobrovický rapid Tereos TTD a.s."]
[Site "Dobrovice, Czech Republic"]
[Date "2020.02.29"]
[Round "2.8"]
[White "Ret Adam Josef"]
[Black "Hosticka Frantisek"]
[Result "0-1"]
[TimeControl "15m + 3s / tah"]
[WhiteElo "1909"]
[BlackElo "2106"]

1. d4 Nf6 2. g3 c5 3. Nf3 cxd4 4. Nxd4 Nc6 5. Bg2 g6 6. c4 Bg7 7. Nc3 O-O 8. Nxc6 dxc6 9. O-O Be6 10.
Qxd8 Rfxd8 11. b3 Ng4 12. Bb2 Rd2 13. Rab1 Rxb2 14. Rxb2 Bxc3 15. Rc2 Bb4 16. Rd1 Bf5 17. e4 Be6 18. h3 Nf6 19. Rd4 Kf8 20. Rc1 Ke8 21.
Rcd1 Nd7 22. Kh2 Nc5 23. f4 Bc3 24. f5 Bxd4 25. Rxd4 gxf5 26. exf5 Bxf5 27. Rf4 Bg6 28. h4 Rd8 29.
h5 Bb1 30. Rg4 Kf8 31. b4 Ne6 32. b5 Rd2 33. bxc6 bxc6 34. Kg1 Bf5 35. Rh4 c5 36. a4 Nd4 37. g4 Be6 38. g5 Bxc4 0-1

[Event "15. ročník Dobrovický rapid Tereos TTD a.s."]
[Site "Dobrovice, Czech Republic"]
[Date "2020.02.29"]
[Round "2.9"]
[White "Kaderabek Jiri"]
[Black "Sala Dalibor"]
[Result "1-0"]
[TimeControl "15m + 3s / tah"]
[WhiteElo "2105"]
[BlackElo "1930"]

1. Nf3 Nf6 2. g3 g6 3. Bg2 Bg7 4. O-O O-O 5. d4 d6 6. c4 Nbd7 7. Nc3 e5 8. b3 Re8 9. Bb2 c6 10. dxe5 dxe5 11. Ng5 Qe7 12.
a4 a5 13. Ba3 Nc5 14. Nce4 Nfxe4 15. Nxe4 b6 16. Nxc5 bxc5 17. Bxc6 Bh3 1-0

[Event "15. ročník Dobrovický rapid Tereos TTD a.s."]
[Site "Dobrovice, Czech Republic"]
[Date "2020.02.29"]
[Round "2.10"]
[White "Buchar Petr"]
[Black "Zahorbensky Jaroslav"]
[Result "0-1"]
[TimeControl "15m + 3s / tah"]
[WhiteElo "1904"]
[BlackElo "2105"]

1. f4 g6 2. Nf3 d6 3. g3 Bg4 4. Bg2 c6 5. e4 Bg7 6. c3 e5 7. d3 Qb6 8. Qe2 Nd7 9. Be3 Qa6 10.
O-O Ngf6 11. Qc2 O-O 12. h3 Bxf3 13. Bxf3 d5 14. f5 Rfd8 15. g4 Nb6 16. Bg5 dxe4 17. Bxe4 Rd6 18. Bxf6 Bxf6 19. fxg6 hxg6 20. Nd2 Nd5 21.
Bxd5 cxd5 22. Nb3 Qb6+ 23. Qf2 Bh4 24. Qxb6 Rxb6 25. Rab1 Re8 26. Nd2 Bg5 27. Nf3 Be3+ 28. Kg2 e4 29. Ne1 Bd2 30. Rf2 Bxc3 31.
dxe4 dxe4 32. Rc2 Bg7 33. b3 Re7 34. Rd1 Kh7 35. Rc4 f5 36. Nc2 f4 37. Nb4 f3+ 38. Kf1 e3 39. Re1 Rxb4 40.
Rxb4 Bc3 41. Rf4 Bxe1 42. Kxe1 f2+ 43. Ke2 Kg7 44. Rc4 Kf6 45. h4 Ke5 46. Rc1 Kf4 47. Rc4+ Kg3 48. h5 gxh5 49. gxh5 Rf7 50. Rc1 Kg2 51. h6 Rh7 52. Kxe3 Rxh6 0-1

[Event "15. ročník Dobrovický rapid Tereos TTD a.s."]
[Site "Dobrovice, Czech Republic"]
[Date "2020.02.29"]
[Round "2.11"]
[White "Toman Jan"]
[Black "Jirasek Jiri"]
[Result "1/2-1/2"]
[TimeControl "15m + 3s / tah"]
[WhiteElo "2088"]
[BlackElo "1917"]

1. Nf3 d5 2. g3 c5 3. Bg2 Nc6 4. O-O Nf6 5. d3 e6 6. Nbd2 Be7 7. e4 O-O 8. e5 Nd7 9. Qe2 b6 10. Re1 Bb7 11. Nf1 Rc8 12.
h4 Nd4 13. Nxd4 cxd4 14. Qg4 Rxc2 15. Bh6 g6 16. Bxf8 Bxf8 17. Qxd4 Bc5 18. Qa4 Bxf2+ 19. Kh1 Bxe1 20. Qxc2 Bb4 21.
d4 f6 22. a3 Be7 23. Re1 fxe5 24. dxe5 Bxh4 25. Qe2 Bxg3 26. Nxg3 Qh4+ 27. Kg1 Qxg3 28. Qe3 Qxe3+ 29. Rxe3 d4 30. Rd3 Bxg2 31. Kxg2 Nxe5 32. Rxd4 Kf7 33. Re4 Kf6 34. Ra4 1/2-1/2

[Event "15. ročník Dobrovický rapid Tereos TTD a.s."]
[Site "Dobrovice, Czech Republic"]
[Date "2020.02.29"]
[Round "2.12"]
[White "Mejzr Jan"]
[Black "Szeko Ludovit"]
[Result "0-1"]
[TimeControl "15m + 3s / tah"]
[WhiteElo "1843"]
[BlackElo "2051"]

1. e4 c5 2. c3 d5 3. exd5 Qxd5 4. d4 cxd4 5. cxd4 Nc6 6. Nf3 Bg4 7. Be2 e6 8. O-O Nf6 9. Nc3 Qd8 10.
h3 Bh5 11. Be3 Be7 12. Ne5 Bxe2 13. Nxe2 Nxe5 14. dxe5 Nd5 15. Qa4+ Qd7 16. Qxd7+ Kxd7 17. Rad1 Rhd8 18. Nc3 Kc6 19.
Nxd5 Rxd5 20. Rc1+ Kd7 21. Rfd1 a6 22. Kf1 Rc8 23. Rxd5+ exd5 24. Rxc8 Kxc8 25. Ke2 Kd7 26. Kd3 g6 27. f4 h5 28. g4 Ke6 29.
Bb6 hxg4 30. hxg4 g5 31. Be3 gxf4 32. Bxf4 Bc5 33. a4 Bb4 34. b3 Bc5 35. Bg3 Bg1 36. Bf4 Bf2 37. Bh2 Kd7 38.
Bf4 Kc6 39. Be3 Bh4 40. Kd4 Bd8 41. Kd3 Bc7 42. Bd4 Kd7 43. Ke3 Ke6 44. g5 Bxe5 45. Bc5 Kf5 46. Be7 b5 47. axb5 axb5 48.
Kd3 Bb2 49. Bd8 Ke6 50. Bb6 Kd6 51.
Bd8 Bg7 52. Bb6 Kc6 53. Be3 Bf8 54. Ba7 Bc5 55. Bb8 Bd6 56. Ba7 Bf4 57. Be3 Bxe3 58. Kxe3 Kd6 59. Kd4 b4 60. Kd3 Ke5 61.
Ke3 d4+ 62. Kd3 0-1

[Event "15. ročník Dobrovický rapid Tereos TTD a.s."]
[Site "Dobrovice, Czech Republic"]
[Date "2020.02.29"]
[Round "2.13"]
[White "Jerman Richard"]
[Black "Koper Stefan"]
[Result "1/2-1/2"]
[TimeControl "15m + 3s / tah"]
[WhiteElo "2046"]
[BlackElo "1915"]

1. e4 g6 2. d4 Bg7 3. Nc3 c6 4. Nf3 d5 5. exd5 cxd5 6. Bb5+ Nc6 7. O-O a6 8. Ba4 Bg4 9. h3 Bxf3 10. Qxf3 e6 11. Bxc6+ bxc6 12.
Be3 Ne7 13. Na4 Nf5 14. c3 Nxe3 15. fxe3 O-O 16. e4 a5 17. Nc5 a4 18. b4 axb3 19. axb3 Qe7 20. exd5 cxd5 21. b4 Rad8 22.
b5 Rb8 23. Rfb1 e5 24. Qe3 Rfe8 25. Ra4 Qd6 26. Qd2 exd4 27. cxd4 Rb6 28. Ra6 Rc8 29. Rxb6 Qxb6 30. Kh2 Bxd4 31.
Qxd4 Rxc5 32. Qe5 Qc7 33. Qxc7 Rxc7 34. b6 Rb7 35. Kg3 Kf8 36. Kf4 f6 37. Rb5 Ke7 38. Rxd5 Rxb6 39. Ra5 h5 40. Ra4 Ke6 41. Re4+ Kf7 42. Ra4 g5+ 43.
Kf3 h4 44. Ra3 Kg6 45. Rc3 Kh5 46. Ra3 Rb5 47. Rc3 f5 48. Rc8 Rb3+ 49. Kf2 g4 50. hxg4+ Kxg4 51. Rc4+ f4 52. Rc8 Rb2+ 53. Kg1 Rb1+ 54. Kh2 Rb2 55. Kg1 Rb3 1/2-1/2